 Dungeon Crawl Stone Soup version 0.29.1-2-gbd0b4ee654 (webtiles) character file.

Game seed: 256258832411418416

80381 MaxHasHax6295 the Tortoise (level 15, -4/152 HPs)
             Began as a Minotaur Berserker on Oct 25, 2022.
             Was an Elder of Trog.
             Succumbed to a redback's poison
             ... on level 1 of the Spider Nest on Oct 27, 2022.
             The game lasted 01:39:48 (30571 turns).

MaxHasHax6295 the Tortoise (Minotaur Berserker)    Turns: 30571, Time: 01:39:48

Health: -4/152     AC: 32    Str: 29    XL:     15   Next: 23%
Magic:  5/14       EV: 14    Int:  4    God:    Trog [****..]
Gold:   1402       SH:  0    Dex: 10    Spells: 14/14 levels left

rFire   . . .      SeeInvis .   a - +2 war axe (drain)
rCold   . . .      Faith    .   V - orb {mayhem}
rNeg    . . .      Spirit   +   v - +3 plate armour
rPois   .          Reflect  .   (helmet restricted)
rElec   .          Harm     .   O - +2 cloak
rCorr   .          Rampage  .   G - +0 pair of gloves
Will    +....                   g - +2 pair of boots
Stlth   ..........              K - amulet of guardian spirit
HPRegen 0.35/turn               U - +4 ring of evasion
MPRegen 0.14/turn               I - ring of flight

@: lethally poisoned (-4 -> -42), flying
A: horns 2, retaliatory headbutt
a: Renounce Religion, Berserk, Trog's Hand, Brothers in Arms


You were on level 1 of the Spider Nest.
You worshipped Trog.
Trog was greatly pleased with you.
You visited 7 branches of the dungeon, and saw 22 of its levels.

You collected 1929 gold pieces.
You spent 527 gold pieces at shops.

Inventory:

Hand Weapons
 a - a +2 war axe of draining (weapon)
 S - a +2 halberd of flaming
Armour
 d - an orb of wrath
 g - a +2 pair of boots (worn)
 v - a +3 plate armour (worn)
 G - a +0 pair of gloves (worn)
 O - a +2 cloak (worn)
 V - an orb of mayhem (worn)
Jewellery
 m - a +6 ring of dexterity
 C - a ring of positive energy
 I - a ring of flight (right hand)
 K - an amulet of guardian spirit (around neck)
 U - a +4 ring of evasion (left hand)
 Z - a ring of protection from cold
Wands
 c - a wand of acid (15)
 q - a wand of roots (25)
 x - a wand of charming (23)
 y - a wand of polymorph (4)
 D - a wand of flame (45)
 N - a wand of mindburst (17)
Scrolls
 b - 3 scrolls of identify
 e - 3 scrolls of teleportation {unknown}
 j - a scroll of summoning {unknown}
 k - 5 scrolls of poison
 n - 3 scrolls of enchant weapon {unknown}
 o - 3 scrolls of fog
 r - 6 scrolls of immolation
 s - 2 scrolls of enchant armour
 t - 4 scrolls of vulnerability
 A - 3 scrolls of amnesia
 J - 5 scrolls of magic mapping
 L - 2 scrolls of blinking {unknown}
 M - 3 scrolls of torment {unknown}
 Q - 4 scrolls of fear {unknown}
Potions
 f - 4 potions of curing
 h - 4 potions of haste
 i - 5 potions of attraction
 l - 2 potions of magic
 u - 3 potions of berserk rage
 w - 9 potions of flight
 z - 3 potions of invisibility
 B - 5 potions of lignification
 E - 3 potions of might
 H - 4 potions of mutation
 T - a potion of resistance {unknown}


   Skills:
 + Level 19.4 Fighting
 - Level 12.2(13.6) Axes
 + Level 9.7(12.3) Polearms
 + Level 0.4 Throwing
 + Level 20.3 Armour
 + Level 4.3 Dodging
 + Level 4.1 Stealth


You had 14 spell levels left.
You didn't know any spells.
Your spell library was empty.

Dungeon Overview and Level Annotations

Branches:
Dungeon (12/15)            Temple (1/1) D:5            Lair (5/5) D:10
  Swamp (1/4) Lair:2       Spider (1/4) Lair:3        Slime (1/5) Lair:4
    Orc (1/2) D:12

Altars:
Ashenzari
Cheibriados
Dithmenos
Elyvilon
Fedhas
Gozag
Hepliaklqana
Kikubaaqudgha
Makhleb
Nemelex Xobeh
Okawaru
Qazlal
Ru
Sif Muna
Trog
Uskayaw
Vehumet
Wu Jian
Xom
Yredelemnul
Zin
The Shining One
Jiyva

Shops:
D:3 :   D:7 !   D:10 *

Annotations:
D:12 3 runed translucent doors, miserystealer's ghost, journeyman GnHu


Innate Abilities, Weirdness & Mutations

You have a pair of horns on your head.
You reflexively headbutt those who attack you in melee.


Message History

The redback misses you. The redback bites you!
You are poisoned.
The redback poisons you!
You feel extremely sick.
The redback bites you but does no damage. x4
You see here a tarantella corpse.
You barely miss the redback.
You feel very sick.
The redback bites you but does no damage. x3
You completely miss the redback. You headbutt the redback!
The redback is moderately wounded.
You feel very sick. The redback barely misses you.
The redback closely misses you. The redback bites you.
* * * LOW HITPOINT WARNING * * *
You closely miss the redback. You headbutt the redback.
The redback is moderately wounded.
You feel very sick.
The redback bites you but does no damage. x2
The redback bites you.
* * * LOW HITPOINT WARNING * * *
You slash the redback!
The redback is severely wounded.
You feel very sick. The redback closely misses you. The redback bites you.
* * * LOW HITPOINT WARNING * * *
You are lethally poisoned!
The redback poisons you! The redback bites you!
* * * LOW HITPOINT WARNING * * *
The redback bites you but does no damage.
You slice the redback!!
You kill the redback!
Trog accepts your kill.
* * * LOW HITPOINT WARNING * * *
You feel extremely sick. The redback closely misses you.
The redback bites you but does no damage.
You slash the redback! Your headbutt misses the redback.
The redback is moderately wounded.
You die...

##.....'#.#.#
##......#.#.#.#
##....>#.##.#.#.#
#......#####.#.###
#......# #.##.#
#....### ######.##
#....## ##.....##
#.....###.....##
#...†@s##....##
#...†.†.#....#
#...........##
#..........##
##.........#
#....#...##
##..###### ####


You could see a neutral redback (fast, strong, insane).

Vanquished Creatures
  Nessos (Lair:4)
  A dire elephant (Lair:5)
  Snorg (Lair:4)
  An entropy weaver (Spider:1)
  Josephine (D:11)
  3 hydras
  5 boulder beetles
  Erica (D:11)
  A catoblepas (Lair:5)
  2 centaur warriors
  17 death yaks
  2 tengu warriors (D:11)
  Nergalle (Lair:3)
  A fire crab (Lair:5)
  A swamp dragon (Lair:2)
  2 orb spiders (Spider:1)
  2 lindwurms (Lair:5)
  2 manticores (Lair:5)
  3 ugly things (D:11)
  5 wolf spiders (Spider:1)
  A moth of wrath (Spider:1)
  4 cyclopes
  22 elephants
  9 black mambas
  A torpor snail (Lair:5)
  2 gargoyles (D:12)
  11 cane toads
  8 komodo dragons
  A rime drake (Lair:5)
  2 trolls (D:10)
  3 polar bears (Lair:3)
  13 dream sheep
  2 tarantellas (Spider:1)
  11 blink frogs
  3 slime creatures
  4 jumping spiders (Spider:1)
  A shadow (D:12)
  7 culicivoras (Spider:1)
  7 wraiths
  3 wyverns
  A vampire (D:11)
  47 yaks
  5 basilisks
  10 redbacks (Spider:1)
  Grum (D:11)
  Menkaure (D:5)
  3 vampire mosquitoes (D:11)
  An acid dragon (D:9)
  15 water moccasins
  5 orc warriors
  3 black bears
  An ice beast (D:7)
  An ogre (D:6)
  22 wolves
  A centaur (D:9)
  3 boggarts (Lair:3)
  A kobold brigand (D:7)
  Blork the orc (D:6)
  A gnoll sergeant (D:11)
  10 bullfrogs
  2 necrophages
  4 scorpions
  4 wights (D:8)
  A killer bee (D:11)
  4 howler monkeys
  5 hounds
  5 jellies
  5 orc priests
  5 iguanas
  7 orc wizards
  3 gnolls (D:11)
  10 adders
  3 shadow imps (D:6)
  A white imp (D:5)
  2 ufetubi
  A dart slug (D:2)
  35 orcs
  8 bats
  8 endoplasms
  9 giant cockroaches
  3 goblins
  7 hobgoblins
  4 jackals
  13 kobolds
  6 quokkas
  9 ball pythons
  2 frilled lizards
  3 rats
470 creatures vanquished.

Vanquished Creatures (collateral kills)
  A catoblepas (Lair:5)
  2 death yaks
  A lindwurm (Lair:5)
  A black mamba (Lair:5)
  3 elephants (Lair:4)
  A tarantella (Spider:1)
  2 blink frogs (Lair:3)
  A basilisk (Lair:5)
  A wyvern (Lair:4)
  9 yaks
  4 redbacks (Spider:1)
  A vampire mosquito (D:11)
  2 orc warriors (D:12)
  3 wolves
  A boggart (Lair:3)
  A scorpion (Lair:3)
  An orc priest (Orc:1)
  A gnoll (D:11)
  2 worms (Lair:3)
  2 orcs (D:12)
  2 giant cockroaches (Lair:3)
42 creatures vanquished.

Vanquished Creatures (others)
  2 death yaks (Lair:4)
  An elephant (Lair:4)
  A rime drake (Lair:5)
  A yak (Lair:4)
  An orc (D:12)
  11 fungi
  41 plants
58 creatures vanquished.

Grand Total: 570 creatures vanquished

Notes
Turn   | Place    | Note
-------+----------+-------------------------------------------
     0 | D:1      | MaxHasHax6295 the Minotaur Berserker began the quest for
                  | the Orb.
     0 | D:1      | Reached XP level 1. HP: 19/19 MP: 0/0
    44 | D:1      | Reached XP level 2. HP: 19/27 MP: 1/1
   825 | D:1      | Reached XP level 3. HP: 8/34 MP: 2/2
   975 | D:1      | Reached ** piety under Trog
  1393 | D:1      | Found a faded altar of an unknown god.
  2274 | D:3      | Found Muxkoj's Vocational Training.
  2608 | D:3      | You fall into a shaft and drop 2 floors!
  2608 | D:5      | Entered Level 5 of the Dungeon
  2647 | D:5      | Reached XP level 4. HP: 39/41 MP: 3/3
  2729 | D:5      | Reached skill level 5 in Fighting
  2729 | D:5      | Reached skill level 5 in Axes
  3873 | D:4      | Reached XP level 5. HP: 48/48 MP: 4/4
  4233 | D:4      | Reached skill level 1 in Polearms
  4233 | D:4      | Reached skill level 3 in Armour
  4347 | D:4      | Reached XP level 6. HP: 55/56 MP: 5/5
  5300 | D:5      | Found a staircase to the Ecumenical Temple.
  5449 | D:5      | Reached skill level 4 in Armour
  5449 | D:5      | Reached XP level 7. HP: 62/62 MP: 6/6
  5611 | D:5      | Noticed Menkaure
  5616 | D:5      | Killed Menkaure
  5865 | Temple   | Entered the Ecumenical Temple
  6199 | D:6      | Reached skill level 5 in Polearms
  6209 | D:6      | Reached skill level 5 in Armour
  6462 | D:6      | Noticed Blork the orc
  6476 | D:6      | Killed Blork the orc
  6477 | D:6      | Reached XP level 8. HP: 70/70 MP: 7/7
  7596 | D:7      | Found Yhigosou's Distillery.
  7666 | D:7      | Bought a potion of curing for 39 gold pieces
  7666 | D:7      | Bought a potion of curing for 39 gold pieces
  7666 | D:7      | Bought a potion of invisibility for 104 gold pieces
  7666 | D:7      | Bought a potion of haste for 130 gold pieces
  8242 | D:7      | Reached skill level 6 in Armour
 10048 | D:8      | Reached XP level 9. HP: 79/79 MP: 8/8
 10251 | D:8      | Found a hazy altar of Hepliaklqana.
 10848 | D:9      | Reached skill level 7 in Armour
 10861 | D:9      | Reached skill level 8 in Armour
 10968 | D:9      | Identified the +2 quarterstaff "Ytanoihe" {antimagic, Str+4
                  | Dex+3}
 11062 | D:9      | Noticed a centaur warrior
 11078 | D:9      | Killed a centaur warrior
 11079 | D:9      | Reached skill level 10 in Axes
 11210 | D:9      | Reached XP level 10. HP: 88/88 MP: 9/9
 11511 | D:10     | Entered Level 10 of the Dungeon
 11516 | D:10     | Reached skill level 9 in Armour
 12000 | D:10     | Noticed an elephant
 12007 | D:10     | Killed an elephant
 12077 | D:10     | Found a staircase to the Lair.
 12081 | D:10     | Found Patumio's General Store.
 12186 | D:10     | Bought a wand of charming (5) for 132 gold pieces
 12186 | D:10     | Bought a scroll of identify for 22 gold pieces
 12186 | D:10     | Bought a wand of flame (8) for 61 gold pieces
 12215 | D:10     | Reached skill level 1 in Stealth
 13338 | Lair:1   | Entered Level 1 of the Lair of Beasts
 13349 | D:10     | Reached skill level 10 in Armour
 13465 | Lair:1   | Noticed a cane toad
 13795 | D:10     | Killed a cane toad
 13796 | D:10     | Reached XP level 11. HP: 33/97 MP: 2/10
 13812 | D:10     | Reached skill level 11 in Armour
 14090 | D:11     | Noticed Josephine
 14090 | D:11     | Noticed Grum
 14581 | D:11     | Noticed a four-headed hydra
 14590 | D:11     | Killed a nine-headed hydra
 14700 | D:11     | Killed Grum
 14770 | D:11     | Reached skill level 10 in Fighting
 14775 | D:11     | Reached skill level 12 in Armour
 14812 | D:11     | Killed Josephine
 14925 | D:11     | Noticed a tengu warrior
 14945 | D:11     | Killed a tengu warrior
 15021 | D:11     | Noticed a tengu warrior
 15027 | D:11     | Killed a tengu warrior
 15170 | D:11     | Noticed a boulder beetle
 15176 | D:11     | Reached skill level 13 in Armour
 15178 | D:11     | Noticed a boulder beetle
 15187 | D:11     | Killed a boulder beetle
 15196 | D:11     | Killed a boulder beetle
 15455 | D:11     | Noticed a centaur warrior
 15456 | D:11     | Noticed a cyan ugly thing
 15461 | D:11     | Killed a centaur warrior
 15464 | D:11     | Noticed a purple ugly thing
 15467 | D:11     | Killed a cyan ugly thing
 15468 | D:11     | Reached XP level 12. HP: 105/110 MP: 9/11
 15708 | D:11     | Reached skill level 14 in Armour
 15939 | D:11     | Noticed Erica
 15953 | D:11     | Killed Erica
 16660 | D:12     | Reached skill level 15 in Armour
 16721 | D:12     | Found a runed translucent gate.
 16721 | D:12     | Found a runed translucent gate.
 16721 | D:12     | Identified the +7 chain mail of Tomorrow {+Inv rPois rF+
                  | Int-5}
 16724 | D:12     | Noticed miserystealer's ghost (journeyman GnHu)
 16732 | D:12     | Found a runed translucent gate.
 16732 | D:12     | Identified the +6 plate armour of Sunlight {rC+ Will+ Str-3
                  | Slay+3}
 16778 | D:12     | Noticed a seven-headed hydra
 16790 | D:12     | Killed an 11-headed hydra
 17002 | D:12     | Reached *** piety under Trog
 17057 | D:12     | Found a staircase to the Orcish Mines.
 17545 | Orc:1    | Entered Level 1 of the Orcish Mines
 18289 | Lair:1   | Reached skill level 16 in Armour
 18838 | Lair:1   | Noticed a death yak
 18838 | Lair:1   | Noticed a death yak
 18838 | Lair:1   | Noticed a death yak
 18857 | Lair:1   | Killed a death yak
 18864 | Lair:1   | Killed a death yak
 18866 | Lair:1   | Killed a death yak
 18867 | Lair:1   | Reached XP level 13. HP: 124/124 MP: 12/12
 19201 | Lair:1   | Identified the +11 long sword of the Wasteland {vorpal,
                  | rElec rF+ Str+2 Int+2}
 19948 | Lair:2   | Found a staircase to the Swamp.
 21026 | Swamp:1  | Entered Level 1 of the Swamp
 21027 | Swamp:1  | Noticed a bunyip
 21220 | Lair:3   | Reached skill level 17 in Armour
 21486 | Lair:3   | Reached skill level 15 in Fighting
 21526 | Lair:3   | Noticed Nergalle
 21542 | Lair:3   | Killed Nergalle
 21549 | Lair:3   | Reached **** piety under Trog
 22184 | Lair:3   | Identified the +5 rapier "Xufim" {elec, Str+4}
 22293 | Lair:3   | Found a hole to the Spider Nest.
 23111 | Lair:4   | Noticed Snorg
 23131 | Lair:4   | Killed Snorg
 23255 | Lair:4   | Reached skill level 18 in Armour
 23686 | Lair:4   | Reached XP level 14. HP: 138/138 MP: 11/13
 23970 | Lair:4   | Found a staircase to the Slime Pits.
 23970 | Lair:4   | Found a viscous altar of Jiyva.
 24728 | Lair:4   | Reached skill level 19 in Armour
 25351 | Slime:1  | Entered Level 1 of the Pits of Slime
 25370 | Slime:1  | Noticed an acid blob
 25597 | Lair:5   | Entered Level 5 of the Lair of Beasts
 25834 | Lair:5   | Noticed Nessos
 25855 | Lair:4   | Killed Nessos
 26190 | Lair:4   | Reached ***** piety under Trog
 27983 | Lair:5   | Reached XP level 15. HP: 94/151 MP: 7/14
 28548 | Spider:1 | Entered Level 1 of the Spider Nest
 28560 | Spider:1 | Reached skill level 20 in Armour
 29421 | Spider:1 | HP: 7/152 [poisoned by a redback]
 30424 | Spider:1 | HP: 10/228 [wolf spider (3)]
 30429 | Spider:1 | HP: 6/228 [tarantella (6)]
 30429 | Spider:1 | HP: 1/228 [tarantella (5)]
 30570 | Spider:1 | HP: 3/152 [poisoned by a redback]
 30571 | Spider:1 | Succumbed to a redback's poison

Illustrated notes

Levels and vault maps discovered:
D:1:      minmay_arrival_stair_chambers, layout_loops_ring,
          shapermc_ecumenical_altar_acropolis
D:2:      layout_loops_ring, minmay_statues_item, minmay_tall_x
D:3:      layout_loops_ring, eino_tiny_chamber, nicolae_shop_vocational
D:4:      layout_rooms, portal_sewer_entry_f
D:5:      black_bear_nest_1, layout_basic, minmay_temple_entry_arrows,
          serial_curves, eino_curves_01, eino_curves_04, eino_curves_04,
          uniq_menkaure
D:6:      layout_basic, minmay_diced_spiral, uniq_blork_the_orc
D:7:      layout_loops_corners, serial_shops, nicolae_shop_advertising_works
          [nicolae_subvault_shop_adworks]
D:8:      layout_basic, lemuel_coloured_pillars_altar
D:9:      layout_loops_ring, kennysheep_dice
D:10:     layout_loops_cross, david_lair_generic, serial_shops, shop,
          billiards_dpeg
D:11:     layout_roguey, minmay_shattered_shrine, uniq_josephine, uniq_grum,
          uniq_erica
D:12:     layout_cave_pods, david_orc_4, serial_glass, glass_columns_c,
          glass_columns_a, biasface_ghost_orc_armoury
Temple:   nicolae_temple_bog_church
Lair:1:   layout_long_grid, gauntlet_entry_generic, wad_woods_road_04,
          grunt_megastairs_1
Lair:2:   layout_regular_city, minmay_swamp_entry_reptiles,
          cheibrodos_lair_reptile_den
Lair:3:   layout_cave_pods, nicolae_spider_entry_non_spiders,
          kilobyte_rumbling_trees, grunt_megastairs_3, uniq_nergalle
Lair:4:   layout_roguey, slime_entry_1, serial_bayou_crossing,
          infiniplex_staircase_pool_2, uniq_snorg
Lair:5:   hangedman_lair_in_review, layout_long_grid, lemuel_fruit_tree,
          uniq_nessos
Swamp:1:  layout_basic_swamp, evilmike_swamp_ruin_rubble_1,
          infiniplex_staircase_pool, uniq_jorgrun
Spider:1: layout_spider_delve, drop_trap, nicolae_spider_nook,
          hangedman_spider_tarantella_strand
Slime:1:  layout_caves
Orc:1:    layout_caves, special_room [special_room_orc]

Skill      XL: |  1  2  3  4  5  6  7  8  9 10 11 12 13 14 15 |
---------------+----------------------------------------------+-----
Axes           | 4 5 6 7 8 10 12 | 12.2
Fighting       | 4 5 6 7 8 9 11 14 16 18 19 | 19.4
Polearms       | 2 4 5 7 8 9 |  9.7
Armour         | 3 4 5 6 8 10 13 16 18 19 20 | 20.3
Stealth        | 1 2 3 4 |  4.1
Dodging        | 3 4 |  4.3
Throwing       | |  0.4

Action                   |  1- 3 |  4- 6 |  7- 9 | 10-12 | 13-15 || total
-------------------------+-------+-------+-------+-------+-------++-------
Melee: Hand axe          |    91 |     4 |       |       |       ||    95
       Headbutt          |    12 |    10 |    33 |    65 |   180 ||   300
       Punch             |     2 |       |       |       |       ||     2
       Trident           |       |   117 |   145 |       |       ||   262
       War axe           |       |       |    38 |   364 |   638 ||  1040
       Halberd           |       |       |       |    38 |       ||    38
Throw: Stone             |       |       |       |     3 |       ||     3
Invok: Berserk           |     2 |     3 |     7 |    17 |    16 ||    45
       Trog's Hand       |       |     3 |     8 |     9 |     5 ||    25
       Brothers in Arms  |       |       |       |       |     3 ||     3
Evoke: Wand              |       |       |     3 |       |     7 ||    10
  Use: Scroll            |       |       |     9 |     7 |     3 ||    19
       Potion            |       |       |       |     1 |     7 ||     8
 Stab: Distracted        |       |       |       |     2 |     6 ||     8
Armor: Animal skin       |    11 |       |       |       |       ||    11
       Ring mail         |    12 |       |       |       |       ||    12
       Plate armour      |       |    63 |    94 |   337 |   628 ||  1122
Dodge: Dodged            |    68 |    33 |    53 |   214 |   599 ||   967
